 Dungeon Crawl Stone Soup version 0.20-a0-809-gaf7f668 (webtiles) character file.

237886 Amciq the Severer (level 18, 0/166 (173) HPs)
             Began as a Minotaur Berserker on Mar 3, 2017.
             Was a High Priest of Trog.
             Splashed by an acid blob's acid (6 damage)
             ... created by the Royal Jelly
             ... on level 5 of the Pits of Slime.
             The game lasted 02:06:16 (29115 turns).

Amciq the Severer (Minotaur Berserker)             Turns: 29115, Time: 02:06:17

HP:   0/166 (173)   AC: 26    Str: 32    XL:     18   Next: 54%
MP:   0/15          EV: 23    Int:  2    God:    Trog [*****.]
Gold: 120           SH: 16    Dex: 18    Spells: 17/17 levels left

rFire    + . .     SeeInvis .   Q - +9 war axe (flame)
rCold    + + .     Gourm    .   I - +0 chain mail of Dogmatism {rPois Str+3 Dex+9}
rNeg     . . .     Faith    .   R - +1 shield {reflect}
rPois    +         Spirit   +   (helmet restricted)
rElec    +         Reflect  +   u - +2 cloak {rPois}
rCorr    +         Harm     .   k - +4 pair of gloves of the Jabberwock {-Cast rPois rC+ MR++}
MR       +++..     NoCast   +   y - +2 pair of boots of Teomuh {-Cast rElec rC+ rCorr}
Stlth    ..........             O - amulet of guardian spirit
Regen    0.8/turn               h - ring of protection from fire
MPRegen  0.2/turn               m - +5 ring of evasion

@: exhausted, corroded, very slightly contaminated
A: retaliatory headbutt, horns 2, iridescent scales 1, clumsy 1, deterioration
1, dopey 1, low mp 1, regeneration 1, MP-powered wands
}: 2/15 runes: decaying, gossamer
a: Berserk, Trog's Hand, Brothers in Arms, Burn Spellbooks, Renounce Religion


You were on level 5 of the Pits of Slime.
You worshipped Trog.
Trog was extremely pleased with you.
You were hungry.

You visited 6 branches of the dungeon, and saw 35 of its levels.
You also visited: Ossuary.

You collected 2916 gold pieces.
You spent 2796 gold pieces at shops.

Inventory:

Hand Weapons
 Q - a +9 war axe of flaming (weapon)
Missiles
 C - 3 javelins of penetration (quivered)
Armour
 k - the +4 pair of gloves of the Jabberwock (worn) {-Cast rPois rC+ MR++}
   (You bought it in a shop on level 2 of the Orcish Mines)

   It protects you from cold.
   It protects you from poison.
   It affects your resistance to hostile enchantments.
   It prevents spellcasting.
 q - the -1 pair of boots of Conscience {Str+3 Dex+5}
   (You bought it in a shop on level 2 of the Orcish Mines)

   It affects your strength (+3).
   It affects your dexterity (+5).
 u - a +2 cloak of poison resistance (worn)
 y - the +2 pair of boots of Teomuh (worn) {-Cast rElec rC+ rCorr}
   (You acquired it on level 2 of the Orcish Mines)

   It protects you from cold.
   It insulates you from electricity.
   It prevents spellcasting.
   It protects you from acid and corrosion.
 E - the +1 ice dragon scales "Tagixuze" {rElec rF- rC++ Dex-5 Slay+4 Stlth-}
   (You bought it in a shop on level 2 of the Orcish Mines)

   It affects your dexterity (-5).
   It affects your accuracy and damage with ranged weapons and melee attacks
   (+4).
   It makes you vulnerable to fire.
   It greatly protects you from cold.
   It insulates you from electricity.
   It makes you less stealthy.
 I - the +0 chain mail of Dogmatism (worn) {rPois Str+3 Dex+9}
   (You found it on level 3 of the Swamp)

   It affects your strength (+3).
   It affects your dexterity (+9).
   It protects you from poison.
 N - a +3 plate armour
 R - a +1 shield of reflection (worn)
Jewellery
 h - a ring of protection from fire (right hand)
 m - a +5 ring of evasion (left hand)
 v - an uncursed ring of positive energy
 O - an amulet of guardian spirit (around neck)
 T - an uncursed ring of protection from cold
Wands
 f - a wand of digging (9/24)
 i - a wand of disintegration (24/24)
 w - a wand of paralysis (8/24)
 D - a wand of flame (44/48)
Scrolls
 a - 3 scrolls of brand weapon
 d - 11 scrolls of remove curse
 r - 7 scrolls of fear
 s - 2 scrolls of identify
 z - 5 scrolls of teleportation
 B - 5 scrolls of blinking
 H - 6 scrolls of recharging
 J - 4 scrolls of fog
 P - a scroll of magic mapping
 U - a scroll of silence
 X - 3 scrolls of noise
Potions
 b - 4 potions of cancellation
 e - 5 potions of haste
 g - 7 potions of heal wounds
 j - 6 potions of agility
 p - 3 potions of lignification
 t - 4 potions of flight
 x - 16 potions of curing
 A - 6 potions of resistance
 F - 3 potions of might
 K - a potion of invisibility
 L - 8 potions of ambrosia
Miscellaneous
 G - 2 sacks of spiders
 Y - a lamp of fire
Comestibles
 c - 17 bread rations
 l - 13 meat rations
 n - 13 fruits
 o - 13 royal jellies


   Skills:
 * Level 18.4 Fighting
 * Level 19.2 Axes
 + Level 1.0 Throwing
 * Level 18.3 Armour
 + Level 12.5 Dodging
 * Level 12.8 Shields
 + Level 13.1 Unarmed Combat


You had 17 spell levels left.
You didn't know any spells.

Dungeon Overview and Level Annotations

Branches:
Dungeon (14/15)            Temple (0/1) D:7            Lair (6/6) D:8
  Swamp (4/4) Lair:3       Spider (4/4) Lair:4        Slime (5/5) Lair:6
    Orc (2/2) D:9             Elf (0/3) Orc:2        Vaults (0/5) D:14

Altars:
Ashenzari
Cheibriados
Fedhas
Okawaru
Sif Muna
Trog
Vehumet
Wu Jian
Yredelemnul
Beogh

Shops:
D:7 *   D:14 *   Orc:1 (   Orc:2 **=?[

Portals:
Trove: D:12 (give +4 storm dragon scales)

Annotations:
Slime:5 Royal Jelly


Innate Abilities, Weirdness & Mutations

You reflexively headbutt those who attack you in melee.
You have a pair of horns on your head.
You are partially covered in iridescent scales. (AC +2)
You are clumsy. (Dex -2)
Your body sometimes deteriorates upon taking damage.
You are dopey. (Int -2)
Your magical capacity is low. (-10% MP)
Your natural rate of healing is unusually fast.
You expend magic power (3 MP) to strengthen your wands.


Message History

You headbutt the acid blob, but do no damage.
You block the acid blob's attack. The acid blob spits acid at you.
The splash of acid hits you! The acid corrodes you!
You are splashed with acid!
The acid burns!
You resist.
* * * LOW HITPOINT WARNING * * *
You block the azure jelly's attack. The azure jelly completely misses you.
The azure jelly closely misses you. The azure jelly completely misses you.
The acid blob spits acid at you.
Your +1 shield of reflection reflects the splash of acid!
The splash of acid hits the acid blob.
The acid blob completely resists.
The slime creature closely misses you.
Blink to where?
Press: ? - help, Dir - move target cursor You are very lightly contaminated with residual magic.
As you read the scroll of blinking, it crumbles to dust.
The acid blob spits acid at you. The splash of acid hits you!
You are splashed with acid!
The acid burns!
You resist.
You die...

.....................###....#
.................<.........#
.........................#
##.....................###
##......................#
##.....................#
##...................###
##....................#
#.....@.............###
#.....................#
##.....................#
......................##
.#.....................#
#...................###
#..JJJJ.............#
#...JJJJ..........#.#
##..G...JJ.........###


You could see 5 acid blobs, 2 azure jellies and a slime creature.

Vanquished Creatures
  A bone dragon (Swamp:4)
  8 acid blobs
  3 thorn hunters
  Donald (Spider:3)
  3 azure jellies
  2 ghost moths
  Louise (D:13)
  6 emperor scorpions (Spider:4)
  3 entropy weavers (Spider:4)
  3 spark wasps
  Azrael (D:13)
  Snorg (D:11)
  A death ooze (Slime:5)
  Josephine (D:10)
  12 hydras
  Erolcha (Orc:2)
  4 vault guards (D:14)
  A catoblepas (Lair:6)
  5 ghost crabs
  A death knight (D:14)
  Erica (Orc:1)
  2 centaur warriors (D:14)
  3 ogre magi
  9 alligators
  14 two-headed ogres
  20 death yaks
  A tengu warrior (D:14)
  Urug (D:13)
  2 orc high priests
  A deep elf knight (D:13)
  An iron troll (Orc:2)
  The ghost of Vi the Reanimator, a novice DDNe of Makhleb (D:8)
  A hell knight (D:13)
  A wizard (D:14)
  An unseen horror (D:13)
  A death drake (Swamp:4)
  A deep troll (Orc:2)
  A swamp dragon (Swamp:1)
  A spriggan druid (Swamp:3)
  3 shambling mangroves
  A spectral hydra (Swamp:4)
  A phantasmal warrior (Swamp:4)
  2 ugly things
  18 wolf spiders
  17 orb spiders
  A manticore (D:14)
  2 orc sorcerers (Orc:2)
  11 elephants
  2 moths of wrath
  A deep elf mage (D:14)
  4 shining eyes
  5 cyclopes
  7 black mambas
  A guardian serpent (Lair:6)
  26 spiny frogs
  4 gargoyles
  3 torpor snails
  Psyche (D:11)
  A rime drake (Lair:5)
  8 demonic crawlers
  A swamp worm zombie (Swamp:4)
  5 komodo dragons
  A kobold demonologist (D:14)
  10 trolls
  The ghost of Vi the Conjurer, a novice DEFE of Kikubaaqudgha (D:5)
  3 hydra zombies (Swamp:4)
  3 meliai (D:14)
  2 polar bears
  8 tyrant leeches
  31 jumping spiders
  16 hornets
  14 blink frogs
  75 slime creatures
  5 spectral swamp dragons (Swamp:4)
  7 dream sheep (Lair:5)
  10 bog bodies
  10 hippogriffs
  4 spriggans
  3 alligator zombies (Swamp:4)
  68 redbacks
  3 shadows
  A centaur simulacrum (D:14)
  2 vampires
  31 tarantellas
  A basilisk (Lair:4)
  3 wraiths (D:10)
  14 wyverns
  2 fire elementals
  49 yaks
  2 golden eyes (Slime:5)
  13 vampire mosquitoes
  6 hungry ghosts
  2 wargs (Orc:2)
  19 insubstantial wisps
  2 soldier ants (D:9)
  12 swamp worms
  20 water moccasins
  An acid dragon (D:12)
  4 hell hounds (D:13)
  12 porcupines
  16 orc warriors
  4 sky beasts
  2 swamp drakes
  2 black bears
  5 eyes of draining
  An ice beast (D:10)
  6 phantoms
  3 necrophages
  4 swamp dragon zombies (Swamp:4)
  9 wolves
  26 ogres
  16 centaurs
  9 crocodiles
  2 big kobolds
  A big kobold (shapeshifter) (D:13)
  14 bullfrogs
  A wyvern skeleton (D:14)
  A troll zombie (D:9)
  6 killer bees (D:8)
  3 electric eels
  4 crimson imps
  2 quasits
  3 centaur zombies
  4 hounds
  11 jellies
  11 orc priests
  3 bullfrog skeletons
  A bullfrog zombie (D:12)
  22 orc wizards
  An iguana (D:5)
  A spectral swamp drake (Swamp:4)
  10 worker ants
  8 big kobold zombies (Ossuary)
  5 ogre zombies (D:9)
  2 hound zombies
  A hound skeleton (D:6)
  2 mummies
  2 worker ant zombies (D:6)
  A howler monkey skeleton (D:4)
  4 gnolls
  7 adders
  A swamp drake zombie (Swamp:4)
  3 shadow imps
  4 oozes
  2 adder zombies
  3 worms
  2 dart slugs
  8 leopard geckos
  71 orcs
  4 spectral bats (Ossuary)
  3 ball pythons
  7 giant cockroaches
  4 gnoll zombies (Ossuary)
  9 goblins
  8 hobgoblins
  16 jackals
  7 quokkas
  4 bats
  3 bat simulacra (Ossuary)
  7 frilled lizards
  3 goblin simulacra (Ossuary)
  A goblin skeleton (D:9)
  6 goblin zombies
  6 hobgoblin zombies (Ossuary)
  18 kobolds
  A kobold simulacrum (Ossuary)
  5 kobold zombies (Ossuary)
  A leopard gecko zombie (D:5)
  An orc skeleton (D:9)
  14 orc zombies
  A quokka skeleton (D:7)
  A quokka zombie (D:7)
  9 rats
  4 rat simulacra (Ossuary)
  2 spectral goblins (Ossuary)
  A spectral rat (Ossuary)
  3 briar patches (Swamp:1)
  2 fungi (Lair:5)
  4 plants
1202 creatures vanquished.

Vanquished Creatures (collateral kills)
  Nessos (Lair:4)
  3 hydras
  An alligator (Swamp:3)
  A death yak (Lair:6)
  A shambling mangrove (Swamp:3)
  An orb spider (Spider:4)
  A wolf spider (Spider:2)
  An elephant (Lair:5)
  A spiny frog (Lair:4)
  2 hornets (Swamp:3)
  2 blink frogs (Lair:5)
  A bog body (Swamp:3)
  A slime creature (Slime:5)
  A tarantella (Spider:2)
  A spriggan (Swamp:3)
  A golden eye (Slime:5)
  A hungry ghost (D:9)
  2 vampire mosquitoes (Lair:3)
  A warg (Orc:2)
  A water moccasin (Lair:4)
  A two-headed ogre zombie (D:9)
  An ogre (Orc:2)
  4 wolves (Lair:5)
  An orc priest (Orc:2)
  An ogre zombie (D:9)
  2 orcs (Orc:2)
  3 hobgoblin zombies (D:9)
  7 orc zombies (D:9)
45 creatures vanquished.

Vanquished Creatures (others)
  A komodo dragon (Swamp:4)
  An insubstantial wisp (Swamp:4)
  A centaur (D:11)
  A bullfrog (Lair:4)
  A quokka (D:8)
  3 briar patches (Swamp:1)
  18 fungi
  15 plants
41 creatures vanquished.

Grand Total: 1288 creatures vanquished

Notes
Turn   | Place    | Note
-------+----------+-------------------------------------------
     0 | D:1      | Amciq the Minotaur Berserker began the quest for the Orb.
     0 | D:1      | Reached XP level 1. HP: 19/19 MP: 0/0
   581 | D:1      | Reached XP level 2. HP: 27/27 MP: 1/1
   844 | D:1      | Reached skill level 4 in Axes
  1158 | D:2      | Reached ** piety under Trog
  1196 | D:2      | Reached XP level 3. HP: 21/33 MP: 2/2
  2033 | D:3      | Reached XP level 4. HP: 39/40 MP: 3/3
  2048 | D:3      | Reached skill level 1 in Unarmed Combat
  2183 | D:3      | Reached *** piety under Trog
  2198 | D:3      | Found a blossoming altar of Fedhas.
  2202 | D:3      | Reached XP level 5. HP: 46/47 MP: 4/4
  2420 | D:3      | Found an ornate altar of the Wu Jian Council.
  2647 | D:4      | Noticed a necrophage
  2653 | D:4      | Killed a necrophage
  2653 | D:4      | Reached skill level 5 in Axes
  2669 | D:4      | Reached XP level 6. HP: 53/55 MP: 5/5
  2680 | D:4      | Found a bloodstained altar of Trog.
  2705 | D:4      | Reached skill level 5 in Fighting
  2741 | D:4      | You fall through a shaft for 2 floors!
  2764 | D:6      | Reached skill level 5 in Armour
  2764 | D:6      | Reached XP level 7. HP: 49/61 MP: 6/6
  2783 | D:6      | Reached skill level 6 in Axes
  2830 | D:5      | Entered Level 5 of the Dungeon
  2878 | D:5      | Gained mutation: You are robust. (+10% HP) [mutagenic meat]
  2879 | D:5      | Gained mutation: Your natural rate of healing is unusually fast. [mutagenic meat]
  2898 | D:5      | Noticed Vi's ghost (novice DEFE)
  2914 | D:5      | Killed Vi's ghost
  2914 | D:5      | Reached skill level 7 in Axes
  2914 | D:5      | Reached XP level 8. HP: 78/78 MP: 7/7
  3559 | D:4      | Reached **** piety under Trog
  4130 | D:6      | Found an iron altar of Okawaru.
  4130 | D:6      | Found a faded altar of an unknown god.
  4137 | D:6      | Found a snail-covered altar of Cheibriados.
  4139 | D:6      | Found a deep blue altar of Sif Muna.
  4140 | D:6      | Found a shattered altar of Ashenzari.
  4162 | D:6      | Found a radiant altar of Vehumet.
  4519 | D:7      | Found Usumoisu's Assorted Antiques.
  4525 | D:7      | Bought a scroll of identify for 38 gold pieces
  4883 | D:7      | Reached skill level 8 in Axes
  4883 | D:7      | Reached skill level 5 in Dodging
  4942 | D:7      | Reached XP level 9. HP: 89/89 MP: 8/8
  5416 | D:7      | Found a staircase to the Ecumenical Temple.
  5620 | D:8      | Noticed a death yak
  5625 | D:8      | Noticed a death yak
  5635 | D:8      | Noticed Vi's ghost (novice DDNe)
  5639 | D:8      | Reached skill level 9 in Axes
  5640 | D:8      | Killed a death yak
  5640 | D:8      | Reached skill level 5 in Unarmed Combat
  5640 | D:8      | Reached XP level 10. HP: 101/101 MP: 9/9
  5642 | D:8      | Killed a death yak
  5650 | D:8      | Killed Vi's ghost
  5650 | D:8      | Reached skill level 10 in Fighting
  5681 | D:8      | Reached skill level 10 in Axes
  5715 | D:8      | Noticed a death yak
  5720 | D:8      | Found a staircase to the Lair.
  5731 | D:8      | Killed a death yak
  5877 | D:8      | Found a sand-covered staircase.
  5885 | Ossuary  | Entered an ossuary
  6027 | Ossuary  | Reached ***** piety under Trog
  6865 | D:9      | Reached skill level 10 in Armour
  7299 | D:9      | Found a staircase to the Orcish Mines.
  7771 | D:9      | Reached XP level 11. HP: 108/111 MP: 10/10
  7910 | D:10     | Entered Level 10 of the Dungeon
  8107 | D:10     | Received a gift from Trog
  8171 | D:10     | Noticed a two-headed ogre
  8184 | D:10     | Killed a two-headed ogre
  8184 | D:10     | Reached skill level 11 in Axes
  8446 | D:10     | Noticed Josephine
  8466 | D:10     | Killed Josephine
  9009 | Lair:1   | Entered Level 1 of the Lair of Beasts
 10170 | Lair:2   | Reached skill level 12 in Axes
 10196 | Lair:2   | Reached XP level 12. HP: 123/123 MP: 11/11
 10978 | Lair:3   | Found a staircase to the Swamp.
 11682 | Lair:3   | Noticed a seven-headed hydra
 11688 | Lair:3   | Killed a nine-headed hydra
 11917 | Lair:3   | Reached skill level 13 in Axes
 12060 | Lair:4   | Noticed Nessos
 12062 | Lair:4   | Noticed a seven-headed hydra
 12066 | Lair:4   | Noticed an eight-headed hydra
 12068 | Lair:4   | Killed a seven-headed hydra
 12126 | Lair:4   | Killed Nessos
 12248 | Lair:4   | Killed an eight-headed hydra
 12253 | Lair:4   | Received a gift from Trog
 12470 | Lair:4   | Reached XP level 13. HP: 134/134 MP: 12/12
 12538 | Lair:4   | Found a hole to the Spider Nest.
 13010 | Lair:5   | Lost mutation: You are robust. (+10% HP) [potion of mutation]
 13010 | Lair:5   | Gained mutation: Your body sometimes deteriorates upon taking damage. [potion of mutation]
 13010 | Lair:5   | Gained mutation: You expend magic power (3 MP) to strengthen your wands. [potion of mutation]
 13010 | Lair:5   | Gained mutation: You are partially covered in iridescent scales. (AC +2) [potion of mutation]
 13045 | Lair:5   | Reached skill level 14 in Axes
 13568 | Lair:6   | Entered Level 6 of the Lair of Beasts
 13754 | Lair:6   | Reached XP level 14. HP: 133/133 MP: 13/13
 13756 | Lair:6   | Reached skill level 10 in Unarmed Combat
 13759 | Lair:6   | Reached skill level 15 in Axes
 13764 | Lair:6   | Reached skill level 10 in Dodging
 13876 | Lair:6   | Received a gift from Trog
 13888 | Lair:6   | Found a staircase to the Slime Pits.
 14129 | Lair:6   | Reached skill level 15 in Fighting
 14491 | Orc:1    | Entered Level 1 of the Orcish Mines
 14491 | Orc:1    | Noticed Erica
 14499 | Orc:1    | Killed Erica
 14662 | Orc:2    | Entered Level 2 of the Orcish Mines
 14663 | Orc:2    | Found Naplynoh's Magic Scroll Boutique.
 14681 | Orc:2    | Reached skill level 15 in Armour
 14712 | Orc:2    | Noticed Erolcha
 14722 | Orc:2    | Killed Erolcha
 14737 | Orc:2    | Found Xodallayk's Assorted Antiques.
 14743 | Orc:2    | Bought a scroll of teleportation for 45 gold pieces
 14743 | Orc:2    | Bought a scroll of blinking for 112 gold pieces
 14743 | Orc:2    | Bought a scroll of teleportation for 45 gold pieces
 14743 | Orc:2    | Bought a scroll of teleportation for 45 gold pieces
 14745 | Orc:2    | Found Zeysm's Antique Armour Shop.
 14746 | Orc:2    | Found Coilim's Jewellery Boutique.
 14769 | Orc:2    | Reached skill level 16 in Axes
 15031 | Orc:2    | Reached XP level 15. HP: 143/143 MP: 14/14
 15037 | Orc:2    | Found a roughly hewn altar of Beogh.
 15083 | Orc:2    | Found Itteimih's Assorted Antiques.
 15090 | Orc:2    | Bought a pair of shimmering gloves for 313 gold pieces
 15090 | Orc:2    | Bought a pair of ancient boots for 313 gold pieces
 15100 | Orc:2    | Identified the +4 pair of gloves of the Jabberwock {-Cast rPois rC+ MR++} (You bought it in a shop on level 2 of the Orcish Mines)
 15105 | Orc:2    | Identified the cursed -1 pair of boots of Conscience {Str+3 Dex+5} (You bought it in a shop on level 2 of the Orcish Mines)
 15163 | Orc:2    | Found a staircase to the Elven Halls.
 15492 | Orc:1    | Found Tufuz's Antique Weapon Shoppe.
 15813 | Spider:1 | Entered Level 1 of the Spider Nest
 16038 | Spider:1 | Received a gift from Trog
 17707 | Spider:3 | Killed a ghost moth
 17842 | Spider:3 | Received a gift from Trog
 17893 | Spider:3 | Reached skill level 17 in Axes
 18219 | Spider:3 | Noticed Donald
 18228 | Spider:3 | Killed Donald
 18465 | Spider:4 | Entered Level 4 of the Spider Nest
 18767 | Spider:4 | Reached XP level 16. HP: 152/152 MP: 15/15
 19226 | Spider:4 | Received a gift from Trog
 19275 | Spider:4 | Got a gossamer rune of Zot
 19780 | D:11     | Noticed Snorg
 19791 | D:11     | Killed Snorg
 19826 | D:11     | Noticed Psyche
 19834 | D:11     | Killed Psyche
 19927 | D:11     | Reached skill level 1 in Shields
 19951 | D:11     | Found a basalt altar of Yredelemnul.
 20000 | D:11     | Identified a scroll of acquirement
 20317 | D:12     | Found a portal to a secret trove of treasure.
 20449 | D:12     | Reached skill level 18 in Axes
 20787 | D:12     | Reached ****** piety under Trog
 20792 | D:12     | Received a gift from Trog
 21443 | D:13     | Noticed Urug
 21450 | D:13     | Reached skill level 5 in Shields
 21452 | D:13     | Killed Urug
 21453 | D:13     | Noticed Louise
 21468 | D:13     | Killed Louise
 21717 | D:13     | Noticed Azrael
 21731 | D:13     | Killed Azrael
 22717 | D:14     | Found Ranaroc's General Store.
 22758 | D:14     | Found a gate to the Vaults.
 22764 | D:14     | Reached XP level 17. HP: 161/161 MP: 16/16
 23021 | D:14     | Received a gift from Trog
 23475 | Swamp:1  | Entered Level 1 of the Swamp
 23574 | Swamp:1  | Reached skill level 10 in Shields
 24870 | Swamp:2  | Received a gift from Trog
 25350 | Swamp:3  | Got a slimy chain mail
 25351 | Swamp:3  | Identified the +0 chain mail of Dogmatism {rPois Str+3 Dex+9} (You found it on level 3 of the Swamp)
 26097 | Swamp:4  | Entered Level 4 of the Swamp
 26367 | Swamp:4  | Noticed a bone dragon
 26387 | Swamp:4  | Killed a bone dragon
 26408 | Swamp:4  | Received a gift from Trog
 27111 | Swamp:4  | Reached XP level 18. HP: 121/168 MP: 12/17
 27117 | Swamp:4  | Got a decaying rune of Zot
 27483 | Orc:2    | Bought faintly humming ice dragon scales for 1885 gold pieces
 27493 | Orc:2    | Identified the cursed +1 ice dragon scales "Tagixuze" {rElec rF- rC++ Dex-5 Slay+4 Stlth-} (You bought it in a shop on level 2 of the Orcish Mines)
 27544 | Orc:2    | Got a pair of smoking boots
 27559 | Orc:2    | Identified the +2 pair of boots of Teomuh {-Cast rElec rC+ rCorr} (You acquired it on level 2 of the Orcish Mines)
 27745 | Slime:1  | Entered Level 1 of the Pits of Slime
 27867 | Slime:1  | Gained mutation: You are dopey. (Int -2) [a shining eye]
 28082 | Slime:2  | Reached skill level 19 in Axes
 28188 | Slime:2  | Gained mutation: You are clumsy. (Dex -2) [a shining eye]
 28910 | Slime:5  | Entered Level 5 of the Pits of Slime
 28953 | Slime:5  | Received a gift from Trog
 29014 | Slime:5  | Gained mutation: Your magical capacity is low. (-10% MP) [a shining eye]
 29099 | Slime:5  | Noticed the Royal Jelly
 29103 | Slime:5  | Reached skill level 1 in Throwing
 29113 | Slime:5  | HP: 8/166 [azure jelly[the Royal Jelly] (14)]
 29115 | Slime:5  | Splashed by an acid blob's acid

Vault maps used:
D:1:      enne_arrival_octagon_isle
D:2:      kennysheep_six_static_rooms, first_bread
D:3:      lemuel_doored_altar, overflow_temple_1_default
D:4:      trog_eyes_of_draining
D:5:      grunt_decor_cap
D:6:      chequers_temple_overflow_minitemple, kennysheep_little_box
D:7:      temple_hall, serial_shops, nicolae_shop_overgrown_old_shop
D:8:      dpeg_lair_monsters, gup_ossuary_entry_pyramid
D:9:      zombieorc2_lemuel, hangedman_pestilent_swarm
D:10:     uniq_josephine
D:11:     basic_altar, grunt_ministairs_7, minmay_misc_feat_columns, uniq_snorg,
          uniq_psyche
D:12:     enter_trove_1
D:13:     sword_in_stone, uniq_azrael, uniq_urug
D:14:     minmay_triangles_in_corner, lightli_vaults_fourway_checkpoint,
          glass_columns_b, serial_shops, shop
Lair:2:   serial_bayou_pond_b, serial_bayou_shore_a, infiniplex_staircase_pool_2
Lair:3:   minmay_swamp_entry_swarm
Lair:4:   spider_nest_entry_funnel_web, grunt_megastairs_5, uniq_nessos
Lair:5:   lemuel_fruit_fields
Lair:6:   hangedman_lair_tendril_chambers, nicolae_slime_entry_slimehenge,
          st_stairs_5, serial_bayou_lake_a
Swamp:1:  evilmike_swamp_ruin_house_2
Swamp:2:  nicolae_swamp_stair_fork
Swamp:3:  evilmike_swamp_ruin_house_6, swamp_pool2
Swamp:4:  swamp_pestilence
Spider:1: nicolae_spider_circle_web
Spider:3: uniq_donald
Spider:4: grunt_spider_rune_circles
Slime:4:  nicolae_slime_phagocytosis
Orc:1:    serial_shops, shop, nicolae_shop_crystal, enter_bailey_2, uniq_erica
Orc:2:    st_orc_open, basic_altar, serial_shops, shop, uniq_erolcha
Ossuary:  ossuary_zaba_two_paths

Skill      XL: |  1  2  3  4  5  6  7  8  9 10 11 12 13 14 15 16 17 18 |
---------------+-------------------------------------------------------+-----
Axes           | 4 5 7 8 9 10 12 13 14 16 17 18 19 | 19.2
Armour         | 3 4 5 6 7 9 10 11 12 14 15 16 17 18 | 18.3
Fighting       | 4 5 6 8 9 10 12 13 14 15 16 17 18 | 18.4
Dodging        | 3 4 5 6 8 9 10 11 12 | 12.5
Unarmed Combat | 1 2 3 4 5 6 7 8 9 10 11 12 13 | 13.1
Shields        | 6 12 | 12.8
Throwing       | 1 |  1.0

Action                   |  1- 3 |  4- 6 |  7- 9 | 10-12 | 13-15 | 16-18 || total
-------------------------+-------+-------+-------+-------+-------+-------++-------
Melee: Hand axe          |   102 |    93 |   226 |   767 |       |       ||  1188
       Headbutt          |    13 |    19 |    59 |   244 |   181 |   386 ||   902
       War axe           |       |       |       |    29 |   482 |  1134 ||  1645
       Battleaxe         |       |       |       |       |   198 |       ||   198
Invok: Berserk           |       |     2 |     9 |    18 |    17 |    22 ||    68
       Trog's Hand       |       |       |     2 |     5 |    11 |    12 ||    30
       Burn Spellbooks   |       |       |     1 |     1 |     1 |     1 ||     4
       Brothers in Arms  |       |       |       |     7 |     8 |     6 ||    21
  Use: Scroll            |     6 |     2 |     4 |    12 |    17 |    14 ||    55
       Potion            |       |       |       |       |     1 |     2 ||     3
 Stab: Distracted        |       |       |       |       |       |     1 ||     1
  Eat: Chunk             |     3 |     4 |    20 |    34 |    37 |    47 ||   145
       Fruit             |       |       |       |     3 |     6 |     6 ||    15
       Royal jelly       |       |       |       |     1 |     1 |     3 ||     5
       Meat ration       |       |       |       |     1 |       |     1 ||     2
Armor: Animal skin       |     7 |       |       |       |       |       ||     7
       Ring mail         |       |    20 |    15 |       |       |       ||    35
       Scale mail        |       |       |    43 |     9 |       |       ||    52
       Plate armour      |       |       |       |   348 |   328 |   435 ||  1111
       Chain mail        |       |       |       |       |       |    70 ||    70
Dodge: Dodged            |    55 |    38 |   139 |   379 |   496 |   697 ||  1804
Block: Shield            |    33 |    32 |    90 |   292 |   234 |   664 ||  1345
       Reflection        |       |       |       |       |       |    17 ||    17
